 Dungeon Crawl Stone Soup version 0.27-a0-1140-g099f9bb0e8 (webtiles) character file.

Game seed: 5645792225035067804

238 siradein the Conjurer (level 5, -1/28 HPs)
             Began as a Deep Elf Conjurer on May 10, 2021.
             Slain by Crazy Yiuf
             ... wielding a +2 quarterstaff of chaos
              (18 damage)
             ... on level 2 of the Dungeon.
             The game lasted 00:30:09 (4155 turns).

siradein the Conjurer (Deep Elf Conjurer)           Turns: 4155, Time: 00:30:11

Health: -1/28      AC:  5    Str:  4    XL:     5   Next: 78%
Magic:  12/15      EV: 11    Int: 24    God:
Gold:   97         SH:  0    Dex: 13    Spells: 1/15 levels left

rFire    + . .     SeeInvis .   o - +1 dagger (drain)
rCold    . . .     Faith    .   (no shield)
rNeg     . . .     Spirit   .   s - +1 leather armour {rF+}
rPois    .         Reflect  .   p - +0 helmet
rElec    .         Harm     .   (no cloak)
rCorr    .         Rampage  .   (no gloves)
Will     .....                  (no boots)
Stlth    ++........             (no amulet)
HPRegen  0.09/turn              h - ring of wizardry
MPRegen  0.14/turn              (no ring)

@: no status effects
A: no striking features
a: no special abilities


You were on level 2 of the Dungeon.
You visited 1 branch of the dungeon, and saw 4 of its levels.

You collected 97 gold pieces.

Inventory:

Hand Weapons
 o - a +1 dagger of draining (weapon)
Missiles
 c - a throwing net
Armour
 p - a +0 helmet (worn)
 s - a +1 leather armour of fire resistance (worn)
Magical Staves
 m - a staff of cold
Jewellery
 h - a ring of wizardry (left hand)
Scrolls
 a - a scroll of identify
 e - a scroll of enchant weapon {unknown}
 i - a scroll of summoning {unknown}
 j - 2 scrolls of teleportation {unknown}
 k - a scroll of vulnerability {unknown}
 r - a scroll of immolation {unknown}
Potions
 b - 3 potions of curing
 d - a potion of resistance
 l - a potion of invisibility {unknown}
 n - a potion of heal wounds {unknown}
 q - a potion of mutation {unknown}


   Skills:
 - Level 2.4 Dodging
 - Level 2.4 Stealth
 + Level 5.7 Spellcasting
 * Level 6.6 Conjurations


You had one spell level left.
You knew the following spells:

 Your Spells              Type           Power      Damage    Failure   Level
a - Magic Dart            Conj           100%       1d8       1%          1
b - Searing Ray           Conj           76%        3d6       1%          2
c - Dazzling Flash        Conj/Hex       44%        N/A       4%          3
d - Fulminant Prism       Conj/Hex       11%        3d9       16%         4
e - Iskenderun's Mystic   Conj/Tloc      22%        2d6       16%         4

Your spell library contained the following spells:

 Spells                   Type           Power      Damage    Failure   Level


Dungeon Overview and Level Annotations

Branches:
Dungeon (4/15)
 Temple: D:4-7

Altars:
Xom

Annotations:
D:2 Crazy Yiuf
D:3 Ijyb, Robin
D:4 Dowan, Grinder


Message History

Confirm with . or Enter, or press ? or * to list all spells.
You can't see any susceptible monsters within range! (Use Z to cast anyway.) Unknown command.
Casting: Magic Dart (safe; 1% risk of failure)
Confirm with . or Enter, or press ? or * to list all spells.
The spell is extremely dangerous to cast (16% risk of failure)!
Continue anyway?
Aiming: Fulminant Prism (extremely dangerous; 16% risk of failure)
Press: ? - help, Dir - move target You conjure a prism of explosive energy!
A fulminant prism comes into view.
Your fulminant prism crackles loudly.
Your fulminant prism explodes!
The blast of energy engulfs something!!
Reactivating autopickup.
You feel a bit more experienced.
The blast of energy engulfs the orc!
You kill the orc!
You hear a shout! x4
A worm comes into view.
There is a stone staircase leading up here.
You can't go up here!
There is a stone staircase leading up here.
You climb upwards.
Level annotation: 1 runed translucent door, Crazy Yiuf
There is a stone staircase leading down here.
Magic restored.
HP restored.
There is an open door here.
Things that are here:
3 stones; a +0 short sword
There is an open door here.
There is an open door here.
Crazy Yiuf shouts!
You open the door.
Casting: Fulminant Prism (extremely dangerous; 16% risk of failure)
Confirm with . or Enter, or press ? or * to list all spells.
Crazy Yiuf is dazzled.
Crazy Yiuf hits you with a +2 quarterstaff of chaos!
You are electrocuted!!
Ouch! That really hurt!
You die...

#....###.......#...
##..## #.......#.##
♣....♣ #######...#.
♣♣...♣ ###.#. ♣♣.♣♣
#... ♣♣.♣ ##.. ♣.♣♣
#.. ♣♣.♣ #.. ♣@♣♣
### #g# ... #...#
#)..# #####


You could see Crazy Yiuf (blind).

Vanquished Creatures
  A howler monkey (D:2)
  Terence (D:2)
  2 orc wizards
  A hound skeleton (D:2)
  A howler monkey zombie (D:2)
  4 adders
  2 worms
  A dart slug (D:2)
  3 orcs (D:3)
  3 ball pythons
  3 bats (D:2)
  6 endoplasms
  3 giant cockroaches
  3 goblins
  4 hobgoblins
  7 jackals
  A quokka (D:2)
  3 frilled lizards
  4 kobolds
  5 rats
58 creatures vanquished.

Vanquished Creatures (others)
  3 fulminant prisms
3 creatures vanquished.

Grand Total: 61 creatures vanquished

Notes
Turn   | Place    | Note
-------+----------+-------------------------------------------
     0 | D:1      | siradein the Deep Elf Conjurer began the quest for the Orb.
     0 | D:1      | Reached XP level 1. HP: 10/10 MP: 6/6
   701 | D:1      | Reached XP level 2. HP: 15/15 MP: 4/8
   704 | D:1      | Learned a level 2 spell: Searing Ray
   841 | D:1      | Found a faded altar of an unknown god.
  1265 | D:2      | Noticed a howler monkey
  1268 | D:2      | Killed a howler monkey
  1269 | D:2      | Reached skill level 5 in Conjurations
  1269 | D:2      | Reached XP level 3. HP: 19/19 MP: 4/10
  1509 | D:2      | Reached XP level 4. HP: 24/24 MP: 6/12
  1513 | D:2      | Learned a level 3 spell: Dazzling Flash
  1518 | D:2      | Learned a level 4 spell: Fulminant Prism
  1799 | D:2      | Reached skill level 5 in Spellcasting
  1951 | D:2      | Found a shimmering altar of Xom.
  1957 | D:2      | Noticed Terence
  1973 | D:2      | Killed Terence
  2209 | D:2      | Reached skill level 6 in Conjurations
  2209 | D:2      | Reached XP level 5. HP: 28/28 MP: 5/14
  2296 | D:2      | Learned a level 4 spell: Iskenderun's Mystic Blast
  2593 | D:2      | Found a runed translucent door.
  2594 | D:2      | Noticed Crazy Yiuf
  2829 | D:3      | Identified the +0 helmet of Ethereal the Leaf {*Corrode
                  | +Blink rElec}
  2829 | D:3      | Noticed Robin
  3370 | D:3      | Noticed Ijyb
  3697 | D:4      | Noticed Grinder
  3745 | D:4      | Noticed Dowan
  4155 | D:2      | Slain by Crazy Yiuf

Illustrated notes

Levels and vault maps discovered:
D:1:      dpeg_arrival_brainrot, layout_basic,
          hellmonk_ecumenical_altar_lost_god
D:2:      layout_basic, basic_altar, hangedman_abyss_or_decor_stabs,
          st_stairs_14, uniq_terence, uniq_crazy_yiuf_cottage
D:3:      layout_basic, tso_altar, minmay_misc_feat_secret_circle, uniq_sigmund,
          uniq_robin, uniq_ijyb
D:4:      layout_basic, lemuel_tele_altar, uniq_edmund, uniq_blork_the_orc,
          uniq_grinder, uniq_duvessa

Skill      XL: |  1  2  3  4 |
---------------+-------------+-----
Spellcasting   | 4 5 |  5.7
Conjurations   | 5 6 |  6.6
Dodging        | |  2.4
Stealth        | |  2.4

Action                   |  1- 3 |  4- 6 || total
-------------------------+-------+-------++-------
 Cast: Magic Dart        |    30 |    59 ||    89
       Searing Ray       |     3 |    12 ||    15
       Fulminant Prism   |       |     3 ||     3
       Dazzling Flash    |       |     1 ||     1
  Use: Scroll            |       |     4 ||     4
Armor: Robe              |       |     2 ||     2
       Leather armour    |       |     2 ||     2
       Ring mail         |       |     1 ||     1
Dodge: Dodged            |     1 |    14 ||    15

Table legend: (Time is in decaauts)
 A = Elapsed time spent in this place.
 B = Non-inter-level travel time spent in this place.
 C = Inter-level travel time spent in this place.
 D = Time resting spent in this place.
 E = Time spent auto-exploring this place.
 F = Levels seen in this place.
 G = Mean time per level.
                   A        B        C        D        E       F      G
               +--------+--------+--------+--------+--------+-----+--------+
         Total |   4156 |   4045 |    111 |    208 |   3201 |   4 | 1039.0 |
       Dungeon |   4156 |   4045 |    111 |    208 |   3201 |   4 | 1039.0 |
               +--------+--------+--------+--------+--------+-----+--------+

Top non-repeatable levels by time:
     D:1: 1629 daAuts
     D:2: 1472 daAuts
     D:3: 643 daAuts
     D:4: 410 daAuts
